 Dungeon Crawl Stone Soup version 0.21.1-1-g345015f (webtiles) character file.

208 glosham the Skirmisher (level 6, -7/41 HPs)
             Began as a Kobold Artificer on May 16, 2018.
             Mangled by Natasha (9 damage)
             ... on level 4 of the Dungeon.
             The game lasted 00:17:41 (1132 turns).

glosham the Skirmisher (Kobold Artificer)           Turns: 1132, Time: 00:17:42

Health: -7/41      AC:  3    Str: 12    XL:     6   Next: 11%
Magic:  8/8        EV: 13    Int: 12    God:
Gold:   194        SH:  0    Dex: 15    Spells: 5/5 levels left

rFire    . . .     SeeInvis .   a - +1 short sword
rCold    . . .     Gourm    .   (shield restricted)
rNeg     . . .     Faith    .   w - -2 ring mail (curse)
rPois    .         Spirit   .   (no helmet)
rElec    .         Reflect  .   (no cloak)
rCorr    .         Harm     .   (no gloves)
MR       .....                  (no boots)
Stlth    +.........             z - amulet of magic regeneration
HPRegen  0.13/turn              (no ring)
MPRegen  0.36/turn              (no ring)

@: no status effects
A: small, carnivore
a: no special abilities


You were on level 4 of the Dungeon.
You were very full.

You visited 1 branch of the dungeon, and saw 5 of its levels.

You collected 194 gold pieces.

Inventory:

Hand Weapons
 a - a +1 short sword (weapon)
 b - a +0 long sword
 c - a +0 shortbow
 t - a +0 hand axe
 u - a +0 hand axe
 A - a +0 war axe
Missiles
 g - 39 stones (quivered)
 h - 46 arrows
 o - 28 poisoned needles
Armour
 i - a +0 scale mail
 k - a +0 robe
 l - a +0 robe
 p - a +0 leather armour
 s - a +0 ring mail
 w - a cursed -2 ring mail (worn)
Jewellery
 z - an amulet of magic regeneration (around neck)
Wands
 d - a wand of enslavement (12)
 e - a wand of random effects (8)
 n - a wand of flame (12)
 y - a wand of iceblast (6)
Scrolls
 j - a scroll of enchant weapon
Potions
 m - 2 potions of ambrosia
 q - 2 potions of brilliance {unknown}
 r - a potion of haste {unknown}
 v - a potion of agility {unknown}
 x - a potion of might {unknown}
Comestibles
 f - 3 rations


   Skills:
 * Level 6.1 Fighting
 - Level 1.3 Short Blades
 - Level 2.4 Dodging
 - Level 1.3 Stealth
 - Level 3.6 Evocations


You had 5 spell levels left.
You didn't know any spells.

Dungeon Overview and Level Annotations

Branches:
Dungeon (5/15)
 Temple: D:4-7

Altars:
Dithmenos
Ru
Trog
Xom
The Shining One
Beogh

Annotations:
D:4 Natasha


Innate Abilities, Weirdness & Mutations

You are small and have problems with some larger weapons.
You are carnivorous and can eat meat at any time.


Message History

You kill the orc!
You see here a whip.
The ball python barely misses you.
You closely miss the ball python. The ball python misses you.
You hit the ball python.
You kill the ball python!
A giant cockroach comes into view.
Found a sacrificial altar of Ru.
There is an open door here.
Natasha, Servant of Life and Death comes into view.
Natasha hisses angrily.
Natasha mumbles some strange words.
Natasha glows brightly for a moment.
Natasha mumbles some strange words.
There is an open door here.
You start resting.
Natasha barely misses you.
You closely miss Natasha. Natasha claws you.
You hit Natasha.
Natasha is lightly wounded.
Natasha claws you.
* * * LOW HITPOINT WARNING * * *
You miss Natasha.
Natasha is lightly wounded.
Natasha claws you but does no damage.
You hit Natasha.
Natasha is moderately wounded.
Natasha misses you.
You hit Natasha.
Natasha is heavily wounded.
Natasha misses you.
You hit Natasha.
Natasha is almost dead.
Natasha stares at you and mumbles some strange words.
The magic dart hits you!
* * * LOW HITPOINT WARNING * * *
You closely miss Natasha.
Natasha is almost dead.
Natasha claws you!
You die...

.. .'## ## #5h.#.
#.s.#. .....
###._.###
#.......###
#...#.# #...#@#
#.'#######h.#
#...........#
....##.#####.##..#
.......# ##..##.##
......####..)...#
......'.......###
......####....#
.....# ##.#.#


You could see Natasha.

Vanquished Creatures
  2 howler monkeys (D:4)
  2 orc wizards (D:4)
  Natasha (D:4)
  A hound skeleton (D:4)
  An adder skeleton (D:4)
  3 orcs
  2 goblins
  2 hobgoblins (D:2)
  3 jackals (D:4)
  A ball python (D:4)
  A bat (D:2)
  3 frilled lizards
  3 kobolds (D:2)
25 creatures vanquished.

Vanquished Creatures (collateral kills)
  An orc priest (D:4)
1 creature vanquished.

Vanquished Creatures (others)
  An orc priest (D:4)
  An orc (D:4)
2 creatures vanquished.

Grand Total: 28 creatures vanquished

Notes
Turn   | Place    | Note
-------+----------+-------------------------------------------
     0 | D:1      | glosham the Kobold Artificer began the quest for the Orb.
     0 | D:1      | Reached XP level 1. HP: 12/12 MP: 3/3
   157 | D:2      | Reached skill level 2 in Fighting
   174 | D:2      | Found a bloodstained altar of Trog.
   177 | D:2      | Found a shadowy altar of Dithmenos.
   191 | D:2      | Found a shimmering altar of Xom.
   194 | D:2      | Found a glowing golden altar of the Shining One.
   197 | D:2      | Reached XP level 2. HP: 12/17 MP: 4/4
   313 | D:3      | You fall through a shaft!
   364 | D:4      | Reached skill level 3 in Fighting
   364 | D:4      | Reached XP level 3. HP: 12/23 MP: 5/5
   513 | D:4      | Found a roughly hewn altar of Beogh.
   525 | D:4      | Reached XP level 4. HP: 3/29 MP: 6/6
   568 | D:4      | Reached skill level 4 in Fighting
   615 | D:4      | Noticed Natasha
   770 | D:5      | Entered Level 5 of the Dungeon
   938 | D:4      | Killed Natasha
   938 | D:4      | Reached XP level 5. HP: 21/34 MP: 7/7
   980 | D:4      | Reached skill level 5 in Fighting
  1071 | D:4      | Reached skill level 6 in Fighting
  1071 | D:4      | Reached XP level 6. HP: 11/41 MP: 8/8
  1115 | D:4      | Found a sacrificial altar of Ru.
  1117 | D:4      | Noticed Natasha
  1131 | D:4      | HP: 2/41 [Natasha/magic dart (5)]
  1132 | D:4      | Mangled by Natasha

Skill      XL: |  1  2  3  4  5 |
---------------+----------------+-----
Fighting       | 2 3 4 6 |  6.1
Short Blades   | |  1.3
Dodging        | |  2.4
Stealth        | |  1.3
Evocations     | |  3.6

Action                   |  1- 3 |  4- 6 || total
-------------------------+-------+-------++-------
Melee: Short sword       |    50 |    75 ||   125
Evoke: Wand              |     6 |     7 ||    13
  Use: Scroll            |     3 |     1 ||     4
       Potion            |       |     1 ||     1
 Stab: Sleeping          |     2 |       ||     2
  Eat: Chunk             |     5 |     3 ||     8
Armor: Leather armour    |     6 |     1 ||     7
       Ring mail         |       |     4 ||     4
Dodge: Dodged            |    38 |    36 ||    74

Table legend:
 A = Turns spent in this place as a percentage of turns spent in the entire game.
 B = Non-inter-level travel turns spent in this place as a percentage of non-inter-level travel turns spent in the entire game.
 C = Inter-level travel turns spent in this place as a percentage of turns spent in this place.
 D = Turns resting spent in this place as a percentage of non-inter-level travel turns spent in this place.
 E = Turns spent auto-exploring this place as a percentage of non-inter-level travel turns spent in this place.
 F = Non-inter-level travel turns spent in this place divided by the number of levels of this place that you've seen.
                   A       B       C       D       E      F
               +-------+-------+-------+-------+-------+----------------------
         Total | 100.0 | 100.0 |   0.0 |   1.6 |   0.0 | 226.4
       Dungeon | 100.0 | 100.0 |   0.0 |   1.6 |   0.0 | 226.4
               +-------+-------+-------+-------+-------+----------------------

Table legend:
 A = Kills in this place as a percentage of kills in entire the game.
 B = Kills by you in this place as a percentage of kills by you in the entire game.
 C = Kills by friends in this place as a percentage of kills by friends in the entire game.
 D = Other kills in this place as a percentage of other kills in the entire game.
 E = Experience gained in this place as a percentage of experience gained in the entire game.
 F = Experience gained in this place divided by the number of levels of this place that you have seen.
                   A       B       C       D       E      F
               +-------+-------+-------+-------+-------+----------------------
         Total | 100.0 | 100.0 | 100.0 |   N/A | 100.0 |  59.6
       Dungeon | 100.0 | 100.0 | 100.0 |   N/A | 100.0 |  59.6
               +-------+-------+-------+-------+-------+----------------------

Vault maps used:
D:1:      eino_arrival_water_star, hangedman_decor_diamond_cutter
D:2:      grunt_temple_overflow_cloverleaf
D:4:      nicolae_ru_great_annihilating_truth, first_ration, minivault_27,
          kennysheep_orc_chapel, uniq_natasha, uniq_menkaure
D:5:      minmay_temple_entry_large_hall, minmay_misc_feat_enclosed
